 Dungeon Crawl Stone Soup version 0.30.0-5-g1a98f26d00 (webtiles) character file.

Game seed: 13855827899471910323

769 retardedninja the Chopper (level 7, 0/62 HPs)
             Began as a Minotaur Berserker on May 12, 2023.
             Was a Priest of Trog.
             Slain by a slime creature (10 damage)
             ... on level 5 of the Dungeon.
             The game lasted 00:04:38 (3453 turns).

retardedninja the Chopper (Minotaur Berserker)      Turns: 3453, Time: 00:04:38

Health: 0/62       AC: 22    Str: 24    XL:     7   Next: 52%
Magic:  6/6        EV:  5    Int:  2    God:    Trog [***...]
Gold:   153        SH:  0    Dex:  9    Spells: 6/6 levels left

rFire   . . .        a - +0 hand axe
rCold   . . .        (no shield)
rNeg    . . .        u - +0 crystal plate armour
rPois   .            (helmet restricted)
rElec   .            j - +0 cloak
rCorr   .            (no gloves)
SInv    .            (no boots)
Will    .....        (no amulet) Stlth
                     h - +4 ring of protection
HPRegen 0.30/turn    (no ring)
MPRegen 0.10/turn

%: no passive effects
@: no status effects
A: horns 2, retaliatory headbutt, dopey 1
a: Renounce Religion, Berserk, Trog's Hand


You were on level 5 of the Dungeon.
You worshipped Trog.
Trog was most pleased with you.
You visited 1 branch of the dungeon, and saw 6 of its levels.

You collected 153 gold pieces.

Inventory:

Hand Weapons
 a - a +0 hand axe (weapon)
Armour
 j - a +0 cloak (worn)
 u - a +0 crystal plate armour (worn)
Jewellery
 h - a +4 ring of protection (left hand)
 r - an amulet of reflection
Scrolls
 b - 12 scrolls of identify {unknown}
 e - 2 scrolls of enchant weapon {unknown}
 f - 2 scrolls of enchant armour {unknown}
 g - 2 scrolls of poison {unknown}
 k - a scroll of amnesia {unknown}
 m - a scroll of torment {unknown}
 n - 3 scrolls of magic mapping {unknown}
 o - a scroll of fear {unknown}
 s - a scroll of fog {unknown}
Potions
 c - a potion of brilliance {unknown}
 d - a potion of invisibility {unknown}
 i - a potion of mutation
 l - a potion of attraction {unknown}
 p - a potion of might {unknown}
 t - a potion of ambrosia {unknown}


   Skills:
 + Level 5.8 Fighting
 * Level 7.2 Axes
 + Level 5.1 Armour
 + Level 4.6 Dodging


You had 6 spell levels left.
You didn't know any spells.
Your spell library was empty.

Dungeon Overview and Level Annotations

Branches:
Dungeon (6/15)
 Temple: D:4-7

Altars:
Qazlal

Shops:
D:1 (   D:3 ?

Annotations:
D:3 3 runed translucent doors, Loveship's ghost, amateur DsTm


Innate Abilities, Weirdness & Mutations

You have a pair of horns on your head.
You reflexively headbutt those who attack you in melee.
You are dopey. (Int -2)


Message History

The slime creature is lightly wounded.
The slime creature completely misses you.
You hit the slime creature.
The slime creature is lightly wounded.
The gnoll sergeant hits you but does no damage.
A jelly comes into view.
The gnoll hits you from afar with a +0 halberd.
The slime creature hits you!
You hit the slime creature but do no damage.
The slime creature is lightly wounded.
The gnoll barely misses you.
The gnoll sergeant hits you but does no damage.
The gnoll hits you from afar with a +0 spear.
The gnoll hits you from afar with a +0 halberd.
The slime creature barely misses you. The gnoll hits you but does no damage.
The gnoll sergeant hits you from afar with a +0 trident.
The gnoll barely misses you.
The gnoll hits you from afar with a +0 halberd.
The slime creature hits you!
* * * LOW HITPOINT WARNING * * *
You climb upwards.
The jelly barely misses you.
The slime creature hits you but does no damage.
The jelly hits you but does no damage.
There is a stone staircase leading down here.
Okay, then.
It was a potion of curing.
You feel better.
The slime creature hits you but does no damage.
The slime creature hits you!
* * * LOW HITPOINT WARNING * * *
The jelly hits you but does no damage. x2
It was a potion of mutation.
You feel extremely strange.
You feel frail.
You feel robust.
You feel stupid. The slime creature barely misses you.
The slime creature hits you but does no damage.
The jelly hits you but does no damage. x2
You feel better. The slime creature hits you.
* * * LOW HITPOINT WARNING * * *
The slime creature hits you!
You die...

# ### ####. #######+# ...
#... #........
#.#######.#### #........
##.........#..####........
...............J@J........
......)).......JJ#........
##....)####.#.##.#########
##'''## #.#.##.# .#
##.J.## #.#.##.####.#
##...J.## #.#.#...[...#
#....J..# #.#.##....#.#
#.......# #.#.......#
#.......# #.####....#


You could see 2 slime creatures and 2 jellies.

Vanquished Creatures
  An ice beast (D:5)
  An ogre (D:4)
  2 centaurs
  2 kobold brigands (D:5)
  3 hounds (D:4)
  Jessica (D:3)
  An iguana (D:4)
  2 orc wizards (D:5)
  2 adders
  A worm (D:2)
  10 orcs
  9 endoplasms
  12 goblins
  2 hobgoblins
  4 jackals (D:1)
  2 quokkas
  6 ball pythons
  10 bats
  4 frilled lizards
  8 kobolds
  6 rats
89 creatures vanquished.

Notes
Turn   | Place    | Note
-------+----------+-------------------------------------------
     0 | D:1      | retardedninja the Minotaur Berserker began the quest for
                  | the Orb.
     0 | D:1      | Reached XP level 1. HP: 19/19 MP: 0/0
   184 | D:1      | Reached XP level 2. HP: 25/27 MP: 1/1
   559 | D:1      | Found Coihing's Weapon Boutique.
   565 | D:1      | Reached skill level 4 in Axes
   568 | D:1      | Reached ** piety under Trog
   945 | D:2      | Reached XP level 3. HP: 30/33 MP: 2/2
  1434 | D:3      | Found a faded altar of an unknown god.
  1534 | D:3      | Noticed Loveship's ghost (amateur DsTm)
  1663 | D:3      | Found a runed translucent gate.
  1663 | D:3      | Found a runed translucent gate.
  1663 | D:3      | Found a runed translucent gate.
  1699 | D:3      | Found Byikh's Magic Scroll Shop.
  1805 | D:3      | Reached XP level 4. HP: 40/40 MP: 3/3
  1918 | D:3      | Noticed Jessica
  1922 | D:3      | Killed Jessica
  2355 | D:4      | Noticed a centaur
  2365 | D:4      | Killed a centaur
  2366 | D:4      | Reached skill level 5 in Axes
  2366 | D:4      | Reached XP level 5. HP: 39/47 MP: 4/4
  2509 | D:4      | Noticed an ogre
  2515 | D:4      | Killed an ogre
  2516 | D:4      | Reached skill level 5 in Fighting
  2516 | D:4      | Reached XP level 6. HP: 40/56 MP: 5/5
  2677 | D:4      | Reached skill level 6 in Axes
  3103 | D:4      | Found a stormy altar of Qazlal.
  3151 | D:5      | Entered Level 5 of the Dungeon
  3151 | D:5      | Noticed an ice beast
  3157 | D:5      | Killed an ice beast
  3167 | D:5      | Reached XP level 7. HP: 58/61 MP: 6/6
  3178 | D:5      | Reached *** piety under Trog
  3303 | D:5      | Reached skill level 7 in Axes
  3303 | D:5      | Reached skill level 5 in Armour
  3408 | D:5      | Noticed a slime creature
  3409 | D:5      | Noticed a slime creature
  3409 | D:5      | Noticed a slime creature
  3451 | D:5      | HP: 3/62 [slime creature (14)]
  3452 | D:5      | Gained mutation: You are frail. (-10% HP) [potion of
                  | mutation]
  3452 | D:5      | Lost mutation: You are frail. (-10% HP) [potion of
                  | mutation]
  3452 | D:5      | Gained mutation: You are dopey. (Int -2) [potion of
                  | mutation]
  3453 | D:5      | Slain by a slime creature

Illustrated notes

Levels and vault maps discovered:
D:1:      grunt_arrival_lava_bath, layout_loops_corners, serial_shops,
          nicolae_shop_temple_entry_statues_fountains,
          nicolae_figureground_sparkle
D:2:      layout_rooms
D:3:      layout_loops_corners, nicolae_ecumenical_oubliette,
          gammafunk_ghost_icy, serial_shops, shop, uniq_jessica
D:4:      layout_loops_cross, nicolae_qazlal_eye_of_the_storm
D:5:      cheibrodos_fertilizer, layout_basic, general_overflow_altar,
          serial_shops, nicolae_shop_just_a_little_nook,
          minmay_increasing_density
D:6:      layout_loops_cross, minmay_temple_entry_mist,
          kennysheep_generic_room_12

Skill      XL: |  1  2  3  4  5  6  7 |
---------------+----------------------+-----
Fighting       | 4 5 |  5.8
Axes           | 4 5 6 7 |  7.2
Armour         | 3 4 5 |  5.1
Dodging        | 3 4 |  4.6

Action                     |  1- 3 |  4- 6 |  7- 9 || total
---------------------------+-------+-------+-------++-------
  Melee: Hand axe          |   109 |    77 |    48 ||   234
         Headbutt          |    12 |    11 |     8 ||    31
         Punch             |       |       |     2 ||     2
    Use: Potion            |       |       |     3 ||     3
   Stab: Sleeping          |     2 |       |       ||     2
 Armour: Animal skin       |    21 |       |       ||    21
         Plate armour      |    23 |    41 |       ||    64
         Crystal plate arm |       |    26 |    55 ||    81
  Dodge: Dodged            |    67 |    27 |    19 ||   113
